 Dungeon Crawl Stone Soup version 0.28-a0-425-gd0eccab798 (webtiles) character file.

Game seed: 4424325290056990960

133 porpoise the Conjurer (level 4, -8/26 HPs)
             Began as a Deep Elf Conjurer on Sept 9, 2021.
             Mangled by a wyvern skeleton (10 damage)
             ... on level 3 of the Dungeon.
             The game lasted 00:05:20 (2338 turns).

porpoise the Conjurer (Deep Elf Conjurer)           Turns: 2338, Time: 00:05:21

Health: -8/26      AC:  6    Str:  4    XL:     4   Next: 94%
Magic:  6/13       EV: 12    Int: 24    God:
Gold:   153        SH:  0    Dex: 13    Spells: 2/13 levels left

rFire   . . .      SeeInvis .   b - +0 hunting sling
rCold   . . .      Faith    .   (no shield)
rNeg    . . .      Spirit   .   (no armour)
rPois   .          Reflect  .   (no helmet)
rElec   .          Harm     .   q - +1 cloak
rCorr   .          Rampage  .   (no gloves)
Will    .....                   (no boots)
Stlth   ++........              (no amulet)
HPRegen 0.08/turn               h - +4 ring of protection
MPRegen 0.13/turn               (no ring)

@: no status effects
A: no striking features
a: no special abilities


You were on level 3 of the Dungeon.
You visited 1 branch of the dungeon, and saw 3 of its levels.

You collected 153 gold pieces.

Inventory:

Hand Weapons
 a - a +0 whip
 b - a +0 hunting sling (weapon)
Missiles
 c - 24 stones (quivered ammo)
 o - 21 bolts
Armour
 e - a +0 robe
 q - a +1 cloak (worn)
 r - a +0 robe
Jewellery
 h - a +4 ring of protection (left hand)
 i - a ring of ice
Scrolls
 d - 4 scrolls of enchant weapon {unknown}
 g - a scroll of amnesia {unknown}
 j - a scroll of silence {unknown}
 k - 4 scrolls of identify {unknown}
 l - a scroll of immolation {unknown}
 n - a scroll of blinking {unknown}
Potions
 f - a potion of flight {unknown}
 m - a potion of cancellation {unknown}
 p - a potion of mutation {unknown}


   Skills:
 - Level 1.7 Fighting
 - Level 2.4 Dodging
 - Level 2.4 Stealth
 - Level 5.0 Spellcasting
 - Level 5.0 Conjurations
 + Level 1.3 Hexes
 + Level 1.0 Translocations


You had 2 spell levels left.
You knew the following spells:

 Your Spells              Type           Power      Damage    Failure   Level
a - Magic Dart            Conj           100%       1d8       1%          1
b - Searing Ray           Conj           60%        2d6       1%          2
c - Fulminant Prism       Conj/Hex       10%        3d9       24%         4
d - Iskenderun's Mystic   Conj/Tloc      20%        2d6       26%         4

Your spell library contained the following spells:

 Spells                   Type           Power      Damage    Failure   Level
 Animate Skeleton         Necr           12%        N/A       9%          1
 Pain                     Necr           24%        1d5       9%          1
 Dazzling Flash           Conj/Hex       42%        N/A       8%          3
 Inner Flame              Hex/Fire       9%         N/A       21%         3
 Vampiric Draining        Necr           3%         2d6       26%         3
 Cause Fear               Hex            6%         N/A       45%         4
 Discord                  Hex            6%         N/A       100%        8


Dungeon Overview and Level Annotations

Branches:
Dungeon (3/15)

Altars:
Okawaru

Shops:
D:1 [


Message History

You start removing your armour.
You continue taking off your +0 robe. x4
You finish taking off your +0 robe.
Unknown command.
Drop what? 18/52 slots (_ for help) (? for menu, Esc to quit)
Okay, then.
Unknown command.
Casting: Magic Dart (safe; 1% risk of failure)
Confirm with . or Enter, or press ? or * to list all spells.
You can't see any susceptible monsters within range! (Use Z to cast anyway.)
You shoot a stone. The stone hits the wyvern skeleton.
The wyvern skeleton is lightly damaged.
Casting: Magic Dart (safe; 1% risk of failure)
Confirm with . or Enter, or press ? or * to list all spells.
Aiming: Searing Ray (safe; 1% risk of failure)
Press: ? - help, Shift-Dir - straight line, f/p - wyvern skeleton
Aim: a wyvern skeleton (lightly damaged, 98% to hit)
The searing ray hits the wyvern skeleton.
The wyvern skeleton is moderately damaged. (Press . to maintain the ray.)
The searing ray hits the wyvern skeleton.
The wyvern skeleton is moderately damaged.
The searing ray hits the wyvern skeleton.
The wyvern skeleton is heavily damaged.
The wyvern skeleton bites you!
The searing ray hits the wyvern skeleton!
The wyvern skeleton is severely damaged.
You finish channelling your searing ray.
The wyvern skeleton bites you.
Casting: Searing Ray (safe; 1% risk of failure)
Confirm with . or Enter, or press ? or * to list all spells.
Aiming: Searing Ray (safe; 1% risk of failure)
Press: ? - help, Shift-Dir - straight line, f/p - wyvern skeleton
Aim: a wyvern skeleton (severely damaged, 98% to hit)
The searing ray hits the wyvern skeleton!
The wyvern skeleton is almost destroyed. (Press . to maintain the ray.)
The wyvern skeleton bites you!
* * * LOW HITPOINT WARNING * * *
The wyvern skeleton bites you!
You die...

##.##......##.
##.##.........#
##...##+##.#..#
....##8.8##...#
#####.....##.##
####8.....8### #
.##.........## ...
.#8.........8######.†(##
.'...........'..@Z((....
.#8.........8#..........
.##.........##..........
..##8.....8########...##
...##.....##.# .....
###.##8.8###.# .!#.
.##.###+##.#.####.#. .#
<.>..†.†............ .#
.##.###)......###.#


You could see a wyvern skeleton.

Vanquished Creatures
  An orc priest (D:3)
  Jessica (D:3)
  3 adders
  2 worms (D:2)
  A dart slug (D:1)
  2 orcs (D:3)
  3 ball pythons
  5 endoplasms
  A giant cockroach (D:2)
  A goblin (D:1)
  2 hobgoblins
  4 jackals (D:3)
  2 quokkas (D:1)
  4 bats
  3 frilled lizards
  3 kobolds (D:1)
  6 rats
44 creatures vanquished.

Notes
Turn   | Place    | Note
-------+----------+-------------------------------------------
     0 | D:1      | porpoise the Deep Elf Conjurer began the quest for the Orb.
     0 | D:1      | Reached XP level 1. HP: 10/10 MP: 6/6
   213 | D:1      | Reached XP level 2. HP: 15/15 MP: 5/8
   247 | D:1      | Learned a level 2 spell: Searing Ray
   408 | D:1      | Found Suyheh's Antique Armour Shop.
  1228 | D:2      | Reached skill level 5 in Conjurations
  1228 | D:2      | Reached XP level 3. HP: 19/19 MP: 7/10
  1657 | D:2      | Found an iron altar of Okawaru.
  2018 | D:3      | Reached skill level 5 in Spellcasting
  2038 | D:3      | Reached skill level 1 in Fighting
  2038 | D:3      | Reached XP level 4. HP: 25/25 MP: 3/13
  2181 | D:3      | Learned a level 4 spell: Fulminant Prism
  2186 | D:3      | Learned a level 4 spell: Iskenderun's Mystic Blast
  2282 | D:3      | Noticed Jessica
  2285 | D:3      | Killed Jessica
  2286 | D:3      | Reached skill level 1 in Hexes
  2286 | D:3      | Reached skill level 1 in Translocations
  2338 | D:3      | Mangled by a wyvern skeleton

Illustrated notes

Levels and vault maps discovered:
D:1:      roderic_octagonal_star, layout_loops_ring, serial_shops, shop
D:2:      layout_basic, basic_altar, minmay_misc_feat_columns
D:3:      layout_loops_cross, hellmonk_ecumenical_altar_inner_sanctum,
          dk_noncrumbling_4, uniq_jessica

Skill      XL: |  1  2  3  4 |
---------------+-------------+-----
Spellcasting   | 4 5 |  5.0
Conjurations   | 5 |  5.0
Fighting       | 1 |  1.7
Hexes          | 1 |  1.3
Translocations | 1 |  1.0
Dodging        | |  2.4
Stealth        | |  2.4

Action                   |  1- 3 |  4- 6 || total
-------------------------+-------+-------++-------
 Fire: Hunting sling     |     6 |    10 ||    16
 Cast: Magic Dart        |    48 |     6 ||    54
       Searing Ray       |     5 |     5 ||    10
Armor: Robe              |       |     2 ||     2
Dodge: Dodged            |     1 |     7 ||     8

Table legend: (Time is in decaauts)
 A = Elapsed time spent in this place.
 B = Non-inter-level travel time spent in this place.
 C = Inter-level travel time spent in this place.
 D = Time resting spent in this place.
 E = Time spent auto-exploring this place.
 F = Levels seen in this place.
 G = Mean time per level.
                   A        B        C        D        E       F      G
               +--------+--------+--------+--------+--------+-----+--------+
         Total |   2339 |   2265 |     74 |    753 |   1263 |   3 |  779.7 |
       Dungeon |   2339 |   2265 |     74 |    753 |   1263 |   3 |  779.7 |
               +--------+--------+--------+--------+--------+-----+--------+

Top non-repeatable levels by time:
     D:2: 1116 daAuts
     D:1: 840 daAuts
     D:3: 382 daAuts
